 Dungeon Crawl Stone Soup version 0.30-a0-632-g346586fe48 (webtiles) character file.

Game seed: 18137773458219656182

41 Newt the Shooter (level 3, -3/23 HPs)
             Began as a Kobold Hunter on Jan 13, 2023.
             Slain by an adder (4 damage)
             ... on level 2 of the Dungeon.
             The game lasted 00:01:05 (1240 turns).

Newt the Shooter (Kobold Hunter)                    Turns: 1240, Time: 00:01:06

Health: -3/23      AC:  3    Str:  8    XL:     3   Next: 75%
Magic:  3/3        EV: 14    Int: 10    God:
Gold:   83         SH:  0    Dex: 20    Spells: 2/2 levels left

rFire   . . .      SeeInvis .    g - +0 sling
rCold   . . .      Faith    .    e - orb {mayhem}
rNeg    . . .      Spirit   .    c - +0 leather armour
rPois   .          Reflect  .    (no helmet)
rElec   .          Harm     .    (no cloak)
rCorr   .          Rampage  .    (no gloves)
Will    .....                    (no boots)
Stlth   +++                      (no amulet)
HPRegen 0.23/turn                (no ring)
MPRegen 0.08/turn                (no ring)

@: lethally poisoned (-3 -> -9)
A: small, no large weapons, nightstalker 3
a: no special abilities


You were on level 2 of the Dungeon.
You visited 1 branch of the dungeon, and saw 2 of its levels.

You collected 83 gold pieces.

Inventory:

Hand Weapons
 a - a +0 shortbow
 g - a +0 sling (weapon)
Armour
 c - a +0 leather armour (worn)
 e - an orb of mayhem (worn)
Scrolls
 b - a scroll of immolation
 d - 2 scrolls of teleportation {unknown}
 f - a scroll of noise {unknown}
 h - a scroll of silence {unknown}
 i - a scroll of identify {unknown}


   Skills:
 + Level 3.6 Fighting
 - Level 5.3 Ranged Weapons
 - Level 2.4 Dodging
 - Level 3.0 Stealth


You had 2 spell levels left.
You didn't know any spells.
Your spell library contained the following spells:

 Spells                   Type           Power      Damage    Failure   Level
 Slow                     Hex            0%         N/A       50%         1
 Confusing Touch          Hex            0%         N/A       86%         3
 Portal Projectile        Hex/Tloc       0%         N/A       86%         3
 Tukima's Dance           Hex            0%         N/A       86%         3
 Vampiric Draining        Necr           0%         2d6       86%         3
 Blade Hands              Tmut           0%         N/A       100%        5


Dungeon Overview and Level Annotations

Branches:
Dungeon (2/15)

Altars:


Innate Abilities, Weirdness & Mutations

You are small and have problems with some larger weapons.
You are completely attuned to the shadows.


Message History

You shoot a sling bullet.
The sling bullet closely misses the adder.
The adder closely misses you. The adder misses you.
You shoot a sling bullet.
The sling bullet barely misses the adder.
The adder closely misses you.
You shoot a sling bullet.
The sling bullet closely misses the adder.
The adder bites you.
You are poisoned.
The adder poisons you! The adder bites you.
You shoot a sling bullet.
The sling bullet closely misses the adder.
You feel sick. The adder bites you but does no damage.
You shoot a sling bullet. The sling bullet hits the adder.
The adder is almost dead.
You feel sick. The adder bites you. The adder barely misses you.
You are too injured to fight recklessly!
You are too injured to fight recklessly!
An adder is nearby!
An adder is nearby!
You are too injured to fight recklessly!
You shoot a sling bullet. The sling bullet misses the adder.
You feel sick. The adder barely misses you. The adder bites you.
* * * LOW HITPOINT WARNING * * *
You are lethally poisoned!
The adder poisons you!
It was a potion of cancellation.
You feel magically purged.
* * * LOW HITPOINT WARNING * * *
You feel sick. The adder bites you.
* * * LOW HITPOINT WARNING * * *
You are more poisoned.
The adder poisons you!
You shoot a sling bullet.
The sling bullet hits the adder but does no damage.
The adder is almost dead.
* * * LOW HITPOINT WARNING * * *
You feel very sick. The adder barely misses you. The adder bites you.
You die...

........#.#### #.....#
.............# ####.##
.............# #.#
......#.....### #.#
...........'.# #.#
...##.....#.######.#
#.....#.......<#
#.....#.#.############
#....@................
...S.....############
.................# #
........########.# #
...............#.# #
..............#.####
..............#.....
......#############
######


You could see an adder.

Vanquished Creatures
  An adder (D:2)
  2 dart slugs (D:1)
  5 ball pythons
  6 endoplasms (D:1)
  A giant cockroach (D:1)
  2 jackals (D:1)
  2 bats (D:1)
  4 frilled lizards (D:1)
  2 goblins
  2 kobolds (D:1)
  2 rats (D:1)
29 creatures vanquished.

Notes
Turn   | Place    | Note
-------+----------+-------------------------------------------
     0 | D:1      | Newt the Kobold Hunter began the quest for the Orb.
     0 | D:1      | Reached XP level 1. HP: 12/12 MP: 1/1
   208 | D:1      | Reached XP level 2. HP: 17/17 MP: 2/2
   452 | D:1      | Reached XP level 3. HP: 22/22 MP: 3/3
   858 | D:1      | Found a faded altar of an unknown god.
  1240 | D:2      | HP: 1/23 [poisoned by an adder]
  1240 | D:2      | Slain by an adder

Illustrated notes

Levels and vault maps discovered:
D:1:      nicolae_arrival_memento_mori, layout_basic, basic_ecumenical_altar,
          minmay_hexomino_c4
D:2:      layout_basic, st_stairs_7, uniq_natasha, uniq_sigmund

Skill      XL: |  1  2  3 |
---------------+----------+-----
Stealth        | 2 3 |  3.0
Fighting       | 3 |  3.6
Ranged Weapons | |  5.3
Dodging        | |  2.4

Action                   || total
-------------------------++-------
 Fire: Shortbow          ||    21
       Sling             ||    69
  Use: Potion            ||     1
Armor: Leather armour    ||    10
Dodge: Dodged            ||    30

Table legend: (Time is in decaauts)
 A = Elapsed time spent in this place.
 B = Non-inter-level travel time spent in this place.
 C = Inter-level travel time spent in this place.
 D = Time resting spent in this place.
 E = Time spent auto-exploring this place.
 F = Levels seen in this place.
 G = Mean time per level.
                   A        B        C        D        E       F      G
               +--------+--------+--------+--------+--------+-----+--------+
         Total |   1258 |   1238 |     20 |     84 |    980 |   2 |  629.0 |
       Dungeon |   1258 |   1238 |     20 |     84 |    980 |   2 |  629.0 |
               +--------+--------+--------+--------+--------+-----+--------+

Top non-repeatable levels by time:
     D:1: 1013 daAuts
     D:2: 245 daAuts
